 Dungeon Crawl Stone Soup version 0.32-a0-981-g384da2ce10 (webtiles) character file.

Game seed: 4480573599835954700

42 protoss039 the Digger (level 3, 26/26 HPs)
             Began as a Demonspawn Earth Elementalist on Apr 20, 2024.
             Got out of the dungeon alive.
             The game lasted 00:01:38 (1079 turns).

protoss039 the Digger (DsEE)                        Turns: 1079, Time: 00:01:39

Health: 26/26      AC:  6    Str:  8    XL:     3   Next: 35%
Magic:  6/6        EV:  9    Int: 17    God:
Gold:   55         SH:  0    Dex: 13    Spells: 6/7 levels left

rFire   . . .        i - +2 dagger (freeze)
rCold   . . .        (no shield)
rNeg    . . .        j - +0 ring mail
rPois   .            e - +0 helmet
rElec   .            (no cloak)
rCorr   .            (no gloves)
SInv    .            (no boots)
Will    .....        g - amulet of magic regeneration
Stlth   +            (no ring)
HPRegen 0.24/turn    (no ring)
MPRegen 0.50/turn

%: no passive effects
@: no status effects
A: foul stench 1, demonic magic 1
a: no special abilities


You escaped.
You visited 1 branch of the dungeon, and saw 2 of its levels.

You collected 55 gold pieces.

Inventory:

Hand Weapons
 i - a +2 dagger of freezing (weapon)
Armour
 a - a +0 robe
 e - a +0 helmet (worn)
 j - a +0 ring mail (worn)
Jewellery
 g - an amulet of magic regeneration (around neck)
Scrolls
 f - a scroll of identify {unknown}
 h - a scroll of teleportation {unknown}
Potions
 b - a potion of magic
 c - a potion of mutation {unknown}
 d - a potion of curing {unknown}


   Skills:
 + Level 1.3 Fighting
 + Level 2.0 Dodging
 + Level 1.9 Stealth
 * Level 2.5 Spellcasting
 - Level 1.0 Conjurations
 * Level 3.1 Earth Magic


You had 6 spell levels left.
You knew the following spells:

 Your Spells              Type           Power      Damage    Failure   Level
a - Sandblast             Erth           24%        2d8       16%         1

Your spell library contained the following spells:

 Spells                   Type           Power      Damage    Failure   Level
 Passwall                 Erth           12%        N/A       43%         3
 Stone Arrow              Conj/Erth      18%        3d8       58%         3
 Brom's Barrelling Bould  Conj/Erth      9%         2d3       94%         4
 Petrify                  Alch/Erth      7%         N/A       96%         4


Dungeon Overview and Level Annotations

Branches:
Dungeon (2/15) Zot: 10910

Altars:

Shops:
D:2 *


Innate Abilities, Weirdness & Mutations

You may rarely emit foul miasma when damaged in melee.
Spells you cast may paralyse adjacent enemies.


Message History

The ball python constricts you.
There are monsters nearby!
You closely miss the ball python. The ball python bites you.
The ball python constricts you.
There are monsters nearby!
You hit the ball python. You freeze the ball python.
The ball python is severely wounded.
The ball python bites you but does no damage.
The ball python constricts you.
There are monsters nearby!
You closely miss the ball python.
The ball python is severely wounded.
The ball python bites you but does no damage.
The ball python constricts you. The ball python bites you.
The ball python constricts you.
There are monsters nearby!
You hit the ball python.
The ball python seems to slow down.
You freeze the ball python.
You kill the ball python!
A giant cockroach is nearby!
You hit the giant cockroach. You freeze the giant cockroach.
The giant cockroach is severely wounded.
The giant cockroach bites you.
A giant cockroach is nearby!
You closely miss the giant cockroach.
The giant cockroach is severely wounded.
The giant cockroach bites you but does no damage.
A giant cockroach is nearby!
You hit the giant cockroach. You freeze the giant cockroach.
You kill the giant cockroach!
You now have 55 gold pieces (gained 15).
Found a stone staircase leading down.
No target in view!
There is an entrance to Erogol's Assorted Antiques here.
There is a stone staircase leading up here.
You climb upwards.
There is a stone staircase leading down here.
There is an open door here.
There is a staircase leading out of the dungeon here.
You have escaped!

# #.#......#+###'## #.###.### #
#.#......#.~#~.######.#.....# #
#........#.~~~.#......#.....# #
###......#.~ß~.#.######......
#######......#.....#.## #.....#
.............#♣...♣#..# #.....#
#########....#P♣.♣P#..#####.#.###
#....##P.P##..........#
#....#P#@#P#.######.###
###.###.♣.##.# #.# # #.# #♣#♣##.#
#.# # #.# #.# #.# # #.# #.# #.# #
#.## #.# #.# ############.# #.#
#.# ##~≈≈~≈~~≈≈#.# #.# #.#
.............# #.# #.#


There were no monsters in sight!

Vanquished Creatures
  An adder (D:2)
  A gnoll (D:1)
  A dart slug (D:1)
  3 ball pythons (D:2)
  3 endoplasms
  A giant cockroach (D:2)
  A goblin (D:2)
  A hobgoblin (D:1)
  5 kobolds
  3 bats
  A rat (D:2)
21 creatures vanquished.

Notes
Turn   | Place    | Note
-------+----------+-------------------------------------------
     0 | D:1      | protoss039 the Demonspawn Earth Elementalist began the
                  | quest for the Orb.
     0 | D:1      | Reached XP level 1. HP: 13/13 MP: 3/3
   366 | D:1      | Gained mutation: Spells you cast may paralyse adjacent
                  | enemies. [demonic ancestry]
   366 | D:1      | Reached XP level 2. HP: 20/20 MP: 3/5
   445 | D:1      | Reached skill level 1 in Fighting
   445 | D:1      | Reached skill level 3 in Earth Magic
   930 | D:2      | Gained mutation: You may rarely emit foul miasma when
                  | damaged in melee. [demonic ancestry]
   930 | D:2      | Reached XP level 3. HP: 26/26 MP: 6/6
   992 | D:2      | Found Erogol's Assorted Antiques.
  1079 | D:$      | Got out of the dungeon alive.

Illustrated notes

Levels and vault maps discovered:
D:1:      tarquinn_simple_flora_water_d, layout_loops_ring,
          amcnicky_mini_rare_corridor_liquid, chequers_serial_rivers_room_b
D:2:      minmay_diamond_boxcup, layout_basic, serial_shops, shop_fountains,
          minmay_pentomino_s2

Skill      XL: |  1  2  3 |
---------------+----------+-----
Fighting       | 1 |  1.3
Earth Magic    | 3 |  3.1
Dodging        | 2 |  2.0
Stealth        | |  1.9
Spellcasting   | |  2.5
Conjurations   | |  1.0

Action                     || total
---------------------------++-------
  Melee: Dagger            ||    23
   Cast: Sandblast         ||    16
   Stab: Paralysed         ||     2
 Armour: Robe              ||     7
         Ring mail         ||    22
  Dodge: Dodged            ||     7

Table legend: (Time is in decaauts)
 A = Elapsed time spent in this place.
 B = Non-inter-level travel time spent in this place.
 C = Inter-level travel time spent in this place.
 D = Time resting spent in this place.
 E = Time spent auto-exploring this place.
 F = Levels seen in this place.
 G = Mean time per level.
                   A        B        C        D        E       F      G
               +--------+--------+--------+--------+--------+-----+--------+
         Total |   1089 |   1020 |     69 |      0 |    873 |   2 |  544.5 |
       Dungeon |   1089 |   1020 |     69 |      0 |    873 |   2 |  544.5 |
               +--------+--------+--------+--------+--------+-----+--------+

Top non-repeatable levels by time:
     D:1: 831 daAuts
     D:2: 258 daAuts
